Workbook

Sheet Planilha1
A2: PLANILHA ORÇAMENTÁRIA DE CUSTOS
A3: PREFEITURA: CRISTÁLIA/MG | G3: FOLHA Nº: 01/01
A4: OBRA: RETOMA DA CONSTRUÇÃO DA UNIDADE BÁSICA DE SAÚDE - UBS T1T | G4: 46129
A5: LOCAL: RUA DESVIO, S/N, CENTRO | E5: FORMA DE EXECUÇÃO:
A6: REGIÃO/MÊS DE REFERÊNCIA: SETOP NORTE/JANEIRO 2026/COM DESONERAÇÃO E SINAPI 01/2026 DESONERADO 01/2026 SUDECAP 01/2026 ORSE | E6: ( ) | G6: DIRETA | H6: ( X ) | I6: INDIRETA
A7: PRAZO DE EXECUÇÃO: 06 MESES | H7: LDI | I7: =[1]BDI!B33 -> 0.27039109
A8: ITEM | B8: CÓDIGO | C8: DESCRIÇÃO | D8: UNIDADE | E8: QUANTIDADE | F8: QTD. EXECUTADA | G8: PREÇO UNITÁRIO S/ LDI | H8: PREÇO UNITÁRIO C/ LDI | I8: PREÇO TOTAL | J8: VALOR EXECUTADO | K8: SALDO RESTANTE
A9: 01. | C9: SERVIÇOS PRELIMIARES
A10: 01.01 | B10: ED-50393 | C10: MOBILIZAÇÃO, TRANSPORTE DE PESSOAL E DESMOBILIZAÇÃO DA OBRA | D10: % | E10: =SUM(I358,I353,I349,I344,I337,I330,I316,I312,I298,I291,I284,I258,I244,I237,I213,I203,I187,I142,I127,I117,I48,I40,I33,I28)+I11+I12+I14+I15+I17+I18+I20+I21 -> 1972482.6 | F10: 1972482.6 | G10: 0.003 | H10: =G10 -> 0.003 | I10: =E10*G10 -> 5917.4478 | J10: =F10*H10 -> 5917.4478 | K10: =I10-J10 -> 0 | L10: =ROUND(#REF!*#REF!+#REF!*#REF!+#REF!*#REF!+K373*L359,2) -> #REF! | M10: =ROUND(L10+(L10*$I$7),2) -> #REF! | N10: =ROUND((K10*M10),2) -> #REF!
A11: 01.02 | B11: ED-28427 | C11: PLACA DE OBRA EM CHAPA DE ACO GALVANIZADO | D11: UN | E11: 2 | F11: 1 | G11: 1187.1 | H11: =ROUND(G11+(G11*$I$7),2) -> 1508.08 | I11: =ROUND((E11*H11),2) -> 3016.16 | J11: =F11*H11 -> 1508.08 | K11: =I11-J11 -> 1508.08
A12: 01.03 | B12: ED-50135 | C12: BARRACAO DE OBRA PARA ALOJAMENTO/ESCRITORIO, PISO EM PINHO 3A, PAREDES EM COMPENSADO 10MM, COBERTURA EM TELHA AMIANTO 6MM, INCLUSO INSTALACOES ELETRICAS E ESQUADRIAS | D12: M2 | E12: 60 | F12: 60 | G12: 510 | H12: =ROUND(G12+(G12*$I$7),2) -> 647.9 | I12: =ROUND((E12*H12),2) -> 38874 | J12: =F12*H12 -> 38874 | K12: =I12-J12 -> 0
A13: 01.04 | C13: INSTALAÇÕES PROVISORIAS
A14: 01.04.01 | B14: ED-50150 | C14: INSTALACAO PROVISORIA DE AGUA/ESGOTO INCLUSIVE RESERVATORIO | D14: UN | E14: 1 | F14: 1 | G14: 371.8 | H14: =ROUND(G14+(G14*$I$7),2) -> 472.33 | I14: =ROUND((E14*H14),2) -> 472.33 | J14: =F14*H14 -> 472.33 | K14: =I14-J14 -> 0
A15: 01.04.02 | B15: ED-50151 | C15: INSTALACAO PROVISORIA DE ENERGIA ELETRICA | D15: UN | E15: 1 | F15: 0 | G15: 927.27 | H15: =ROUND(G15+(G15*$I$7),2) -> 1178 | I15: =ROUND((E15*H15),2) -> 1178 | J15: =F15*H15 -> 0 | K15: =I15-J15 -> 1178
A16: 01.05 | C16: MURO DE DIVISA | F16: 0
A17: 01.05.01 | B17: ED-50396 | C17: MURO DIVISÓRIO EM BLOCO DE CONCRETO COM ACABAMENTO APARENTE, ESP.15CM, ALTURA DE 220CM, COM SAPATA EM CONCRETO ARMADO , DIMENSÃO (50X55)CM, FORMA EM CONTRA BARRANCO, INCLUSIVE ESCAVAÇÃO COM TRANSPORTE E RETIRADA DO MATERIAL ESCAVADO (EM CAÇAMBA) E PINGADEIRA EM CONCRETO | D17: M | E17: 82.25 | F17: 82.25 | G17: 476.85 | H17: =ROUND(G17+(G17*$I$7),2) -> 605.79 | I17: =ROUND((E17*H17),2) -> 49826.23 | J17: =F17*H17 -> 49826.227 | K17: =I17-J17 -> 0.0025
A18: 01.05.02 | B18: ED-50453 | C18: PINTURA LATEX ACRILICA AMBIENTES INTERNOS/EXTERNOS, TRES DEMAOS | D18: M2 | E18: 369.6 | G18: 21.88 | H18: =ROUND(G18+(G18*$I$7),2) -> 27.8 | I18: =ROUND((E18*H18),2) -> 10274.88 | J18: =F18*H18 -> 0 | K18: =I18-J18 -> 10274.88
A19: 01.06 | C19: ANDAIME
A20: 01.06.01 | B20: ED-9076 | C20: TORRE DE ANDAIME 2 X 2 M | D20: UNXMÊS | E20: 3 | G20: 21.13 | H20: =ROUND(G20+(G20*$I$7),2) -> 26.84 | I20: =ROUND((E20*H20),2) -> 80.52 | J20: =F20*H20 -> 0 | K20: =I20-J20 -> 80.52
A21: 01.06.02 | B21: ED-48247 | C21: ANDAIME PARA REVESTIMENTO DE FORROS EM MADEIRA DE 3A | D21: M2 | E21: 356.92 | G21: 9.85 | H21: =ROUND(G21+(G21*$I$7),2) -> 12.51 | I21: =ROUND((E21*H21),2) -> 4465.07 | J21: =F21*H21 -> 0 | K21: =I21-J21 -> 4465.07
C22: TOTAL ITEM: 01 | H22: =ROUND(G22+(G22*$I$7),2) -> 0 | I22: =SUM(I10:I21) -> 114104.64 | J22: =SUM(J10:J21) -> 96598.085 | K22: =SUM(K10:K21) -> 17506.553
A23: 02. | C23: ESTRUTURAS METÁLICAS E FECHAMENTOS LIGHT STEEL FRAMING
A24: 02. 01 | B24: COTAÇÃO | C24: FORNECIMENTO, FABRICAÇÃO E MONTAGEM DE ESTRUTURA METÁLICA (AÇO ESTRUTURAL PARA PÓRTICO E CAIXA D'ÁGUA) | D24: KG | E24: 2690 | F24: 2690 | G24: =[1]COTAÇÃO!E5 -> 35.6 | H24: =ROUND(G24+(G24*$I$7),2) -> 45.23 | I24: =ROUND((E24*H24),2) -> 121668.7 | J24: =F24*H24 -> 121668.7 | K24: =I24-J24 -> 0
A25: 02. 02 | B25: COTAÇÃO | C25: FORNECIMENTO E MONTAGEM DE PERFIS METÁLICOS DE PAREDES EXTERNAS E INTERNAS, DE TELHADO, DA LAJE E ESCADA EM ESTRUTURA LIGHT STEEL FRAMING | D25: M2 | E25: 459.33 | G25: =[1]COTAÇÃO!E9 -> 493.07033 | H25: =ROUND(G25+(G25*$I$7),2) -> 626.39 | I25: =ROUND((E25*H25),2) -> 287719.72 | J25: =F25*H25 -> 0 | K25: =I25-J25 -> 287719.72
A26: 02. 03 | B26: COTAÇÃO | C26: FORNECIMENTO E MONTAGEM DOS FECHAMENTOS DAS PAREDES EM LIGHT STEEL FRAMING COM REVESTIMENTO EXTERNO E INTERNO, BARREIRA DE VAPOR DAS PAREDES E TELHADO, ISOLAMENTO TERMO-ACUSTICO DAS PAREDES E FORROS, SUBSTRATOS DOS PISOS DA LAJE E ESCADA E FORRO DE GESSO ESTRUTURADO | D26: M2 | E26: 459.33 | G26: =[1]COTAÇÃO!E13 -> 493.07033 | H26: =ROUND(G26+(G26*$I$7),2) -> 626.39 | I26: =ROUND((E26*H26),2) -> 287719.72 | J26: =F26*H26 -> 0 | K26: =I26-J26 -> 287719.72
A27: 02. 04 | B27: CB9033 | C27: TRANSPORTE DA ESTRUTURA METÁLICA E LIGHT STEEL FRAMING, INCLUIVE REVESTIMENTO E FORRO | D27: CARRETA | E27: 2 | G27: 3604.46 | H27: =ROUND(G27+(G27*$I$7),2) -> 4579.07 | I27: =ROUND((E27*H27),2) -> 9158.14 | J27: =F27*H27 -> 0 | K27: =I27-J27 -> 9158.14
C28: TOTAL ITEM: 02 | H28: =ROUND(G28+(G28*$I$7),2) -> 0 | I28: =SUM(I24:I27) -> 706266.28 | J28: =SUM(J24:J27) -> 121668.7 | K28: =SUM(K24:K27) -> 584597.58
A29: 03. | C29: ALVENARIAS E DIVISÕES
A30: 03. 01 | B30: ED-48231 | C30: ALVENARIA DE TIJOLOS CERAMICOS FURADOS 10X20X20CM, ASSENTADOS COM ARGAMASSA CIMENTO/AREIA 1:10 COM PREPARO MANUAL, ESP. PAREDE = 10CM, COM J UNTAS DE 12MM, CONSIDERANDO 8% DE PERDAS NOS TIJOLOS, SEM PERDAS DE ARGAMASSA | D30: M2 | E30: 2 | G30: 60.39 | H30: =ROUND(G30+(G30*$I$7),2) -> 76.72 | I30: =ROUND((E30*H30),2) -> 153.44 | J30: =F30*H30 -> 0 | K30: =I30-J30 -> 153.44
A31: 03. 02 | B31: ED-48537 | C31: DIVISORIA 35MM PAINEL CEGO MIOLO COLMEIA REVESTIDA C/CHAPA LAMINADA EM CORES FIBRA MADEIRA PRENSADA C/MONTANTES ALUMINIO ANODIZADO NATURAL EM"L" "T" OU "X" INCL PORTAS EXCL SUAS FERRAGENS. | D31: M2 | E31: 12.29 | G31: 101.23 | H31: 101.23 | I31: =ROUND((E31*H31),2) -> 1244.12 | J31: =F31*H31 -> 0 | K31: =I31-J31 -> 1244.12
A32: 03. 03 | B32: ED-48533 | C32: DIVISORIA EM GRANITO CINZA CORUMBÁ POLIDO H= 180 CM, INCLUSIVE FERRAGENS EM LATÃO CROMADO | D32: M2 | E32: 14.58 | G32: 697.77 | H32: =ROUND(G32+(G32*$I$7),2) -> 886.44 | I32: =ROUND((E32*H32),2) -> 12924.3 | J32: =F32*H32 -> 0 | K32: =I32-J32 -> 12924.3
C33: TOTAL ITEM: 03 | H33: =ROUND(G33+(G33*$I$7),2) -> 0 | I33: =SUM(I30:I32) -> 14321.86 | J33: =SUM(J30:J32) -> 0 | K33: =SUM(K30:K32) -> 14321.86
A34: 04. | C34: COBERTURAS
A35: 04. 01 | B35: ED-13852 | C35: COBERTURA COM TELHA CHAPA AÇO ZINCADO ONDULADA 0,5 MM | D35: M2 | E35: 464.37 | G35: 95.33 | H35: =ROUND(G35+(G35*$I$7),2) -> 121.11 | I35: =ROUND((E35*H35),2) -> 56239.85 | J35: =F35*H35 -> 0 | K35: =I35-J35 -> 56239.85
A36: 04. 02 | B36: ED-48402 | C36: FABRICAÇÃO, FORNECIMENTO E INSTALAÇÃO DE CUMEEIRA METÁLICA PARA TELHA | D36: M | E36: 40.71 | G36: 79.43 | H36: =ROUND(G36+(G36*$I$7),2) -> 100.91 | I36: =ROUND((E36*H36),2) -> 4108.05 | J36: =F36*H36 -> 0 | K36: =I36-J36 -> 4108.05
A37: 04. 03 | B37: ED-50667 | C37: FABRICAÇÃO, FORNECIMENTO E INSTALAÇÃO DE CHAPIM EM CHAPA DE AÇO GALVANIZADA CONFORME PROJETO | D37: M | E37: 121.76 | G37: 48.93 | H37: =ROUND(G37+(G37*$I$7),2) -> 62.16 | I37: =ROUND((E37*H37),2) -> 7568.6 | J37: =F37*H37 -> 0 | K37: =I37-J37 -> 7568.6
A38: 04. 04 | B38: ED-50650 | C38: FABRICAÇÃO, FORNECIMENTO E INSTALAÇÃO DE CALHA METÁLICA CONJUGADA EM CHAPIM EM CHAPA DE AÇO GALVANIZADO CONFORME PROJETO | D38: M | E38: 92.04 | G38: 68.75 | H38: =ROUND(G38+(G38*$I$7),2) -> 87.34 | I38: =ROUND((E38*H38),2) -> 8038.77 | J38: =F38*H38 -> 0 | K38: =I38-J38 -> 8038.77
A39: 04. 05 | B39: ED-50675 | C39: FABRICAÇÃO, FORNECIMENTO E INSTALAÇÃO DE RUFOS EM CHAPA DE AÇO GALVANIZADA CONFORME PROJETO | D39: M | E39: 113.2 | G39: 28.77 | H39: =ROUND(G39+(G39*$I$7),2) -> 36.55 | I39: =ROUND((E39*H39),2) -> 4137.46 | J39: =F39*H39 -> 0 | K39: =I39-J39 -> 4137.46
C40: TOTAL ITEM: 04 | H40: =ROUND(G40+(G40*$I$7),2) -> 0 | I40: =SUM(I35:I39) -> 80092.73 | J40: =SUM(J35:J39) -> 0 | K40: =SUM(K35:K39) -> 80092.73
A41: 05. | C41: IMPERMEABILIZAÇÕES E ISOLAMENTO
A42: 05. 01 | B42: ED-50411 | C42: CAMADA DE TRANSIÇÃO COM GEOTEXTIL 200G/M2 - FORNECIMENTO E COLOCAÇÃO | D42: M2 | E42: 23.13 | G42: 16.18 | H42: =ROUND(G42+(G42*$I$7),2) -> 20.55 | I42: =ROUND((E42*H42),2) -> 475.32 | J42: =F42*H42 -> 0 | K42: =I42-J42 -> 475.32
A43: 05. 02 | B43: ED-50170 | C43: CAMADA DE REGULARIZAÇÃO ARGAMASSA TRAÇO 1:3, ESPESSURA MÉDIA 3,0 CM | D43: M2 | E43: 23.13 | G43: 49.2 | H43: =ROUND(G43+(G43*$I$7),2) -> 62.5 | I43: =ROUND((E43*H43),2) -> 1445.63 | J43: =F43*H43 -> 0 | K43: =I43-J43 -> 1445.63
A44: 05. 03 | B44: ED-50175 | C44: IMPERMEABILIZAÇÃO COM ARGAMASSA POLIMÉRICA COM CONSUMO DE 5,0KG/M², ESTRUTURADA COM TELA POLIÉSTER RESINADA MALHA DE 3X3 MM | D44: M2 | E44: 122.46 | G44: 25.31 | H44: =ROUND(G44+(G44*$I$7),2) -> 32.15 | I44: =ROUND((E44*H44),2) -> 3937.09 | J44: =F44*H44 -> 0 | K44: =I44-J44 -> 3937.09
A45: 05. 04 | B45: 11621 | C45: IMPERMEABILIZACAO COM MANTA ASFALTICA ESPESSURA 3MM PROTEGIDA COM FILME DE ALUMINIO GOFRADO ESPESSURA 0,8MM, INCLUSO EMULSAO ASFALTICA | D45: M2 | E45: 23.13 | G45: 46.93 | H45: =ROUND(G45+(G45*$I$7),2) -> 59.62 | I45: =ROUND((E45*H45),2) -> 1379.01 | J45: =F45*H45 -> 0 | K45: =I45-J45 -> 1379.01
A46: 05. 05 | B46: ED-50176 | C46: PROTEÇÃO MECANICA - ARGAMASSA DE CIMENTO E AREIA TRAÇO 1:3 | D46: M2 | E46: 23.13 | G46: 32.78 | H46: =ROUND(G46+(G46*$I$7),2) -> 41.64 | I46: =ROUND((E46*H46),2) -> 963.13 | J46: =F46*H46 -> 0 | K46: =I46-J46 -> 963.13
A47: 05. 06 | B47: ED-50579 | C47: JUNTA EM MASTIQUE POLIURETANO (MASTIQUE PERIMETRAL) 2X2 CM | D47: M | E47: 115.17 | G47: 37.69 | H47: =ROUND(G47+(G47*$I$7),2) -> 47.88 | I47: =ROUND((E47*H47),2) -> 5514.34 | J47: =F47*H47 -> 0 | K47: =I47-J47 -> 5514.34
C48: TOTAL ITEM: 05 | I48: =SUM(I42:I47) -> 13714.52 | J48: =SUM(J42:J47) -> 0 | K48: =SUM(K42:K47) -> 13714.52
A49: 06. | C49: INSTALAÇÃO HIDRO-SANITÁRIA
A50: 06. 01 | C50: TUBULAÇÕES E CONEXÕES
A51: 06. 01. 01 | B51: 89355 | C51: TUBO PVC SOLDAVEL AGUA FRIA DN 20MM, INCLUSIVE CONEXOES - FORNECIMENTO E INSTALACAO | D51: M | E51: 6 | F51: 0 | G51: 22.78 | H51: =ROUND(G51+(G51*$I$7),2) -> 28.94 | I51: =ROUND((E51*H51),2) -> 173.64 | J51: =F51*H51 -> 0 | K51: =I51-J51 -> 173.64
A52: 06. 01. 02 | B52: 89356 | C52: TUBO PVC SOLDAVEL AGUA FRIA DN 25MM, INCLUSIVE CONEXOES - FORNECIMENTO E INSTALACAO | D52: M | E52: 186 | F52: 0 | G52: 22.28 | H52: =ROUND(G52+(G52*$I$7),2) -> 28.3 | I52: =ROUND((E52*H52),2) -> 5263.8 | J52: =F52*H52 -> 0 | K52: =I52-J52 -> 5263.8
A53: 06. 01. 03 | B53: 89357 | C53: TUBO PVC SOLDAVEL AGUA FRIA DN 32MM, INCLUSIVE CONEXOES - FORNECIMENTO E INSTALACAO | D53: M | E53: 54 | F53: 0 | G53: 35.72 | H53: =ROUND(G53+(G53*$I$7),2) -> 45.38 | I53: =ROUND((E53*H53),2) -> 2450.52 | J53: =F53*H53 -> 0 | K53: =I53-J53 -> 2450.52
A54: 06. 01. 04 | B54: 89449 | C54: TUBO PVC SOLDAVEL AGUA FRIA DN 50 MM, INCLUSIVE CONEXOES - FORNECIMENTO E INSTALACAO | D54: M | E54: 42 | F54: 0 | G54: 18.82 | H54: =ROUND(G54+(G54*$I$7),2) -> 23.91 | I54: =ROUND((E54*H54),2) -> 1004.22 | J54: =F54*H54 -> 0 | K54: =I54-J54 -> 1004.22
A55: 06. 01. 05 | B55: 89450 | C55: TUBO PVC SOLDAVEL AGUA FRIA DN 60 MM, INCLUSIVE CONEXOES - FORNECIMENTO E INSTALACAO | D55: M | E55: 6 | F55: 0 | G55: 30.06 | H55: =ROUND(G55+(G55*$I$7),2) -> 38.19 | I55: =ROUND((E55*H55),2) -> 229.14 | J55: =F55*H55 -> 0 | K55: =I55-J55 -> 229.14
A56: 06. 01. 06 | B56: 89451 | C56: TUBO PVC SOLDAVEL AGUA FRIA DN 75 MM, INCLUSIVE CONEXOES - FORNECIMENTO E INSTALACAO | D56: M | E56: 6 | F56: 0 | G56: 48.86 | H56: =ROUND(G56+(G56*$I$7),2) -> 62.07 | I56: =ROUND((E56*H56),2) -> 372.42 | J56: =F56*H56 -> 0 | K56: =I56-J56 -> 372.42
A57: 06. 01. 07 | B57: 89711 | C57: TUBO PVC ESGOTO JS PREDIAL DN 40MM, INCLUSIVE CONEXOES - FORNECIMENTO E INSTALACAO | D57: M | E57: 96 | F57: 48 | G57: 19.82 | H57: =ROUND(G57+(G57*$I$7),2) -> 25.18 | I57: =ROUND((E57*H57),2) -> 2417.28 | J57: =F57*H57 -> 1208.64 | K57: =I57-J57 -> 1208.64
A58: 06. 01. 08 | B58: 89712 | C58: TUBO PVC ESGOTO PREDIAL DN 50MM, INCLUSIVE CONEXOES - FORNECIMENTO E INSTALACAO | D58: M | E58: 30 | F58: 15 | G58: 25.64 | H58: =ROUND(G58+(G58*$I$7),2) -> 32.57 | I58: =ROUND((E58*H58),2) -> 977.1 | J58: =F58*H58 -> 488.55 | K58: =I58-J58 -> 488.55
A59: 06. 01. 09 | B59: 89713 | C59: TUBO PVC ESGOTO PREDIAL DN 75MM, INCLUSIVE CONEXOES - FORNECIMENTO E INSTALACAO | D59: M | E59: 30 | F59: 15 | G59: 32.12 | H59: =ROUND(G59+(G59*$I$7),2) -> 40.8 | I59: =ROUND((E59*H59),2) -> 1224 | J59: =F59*H59 -> 612 | K59: =I59-J59 -> 612
A60: 06. 01. 10 | B60: 89714 | C60: TUBO PVC ESGOTO PREDIAL DN 100MM, INCLUSIVE CONEXOES - FORNECIMENTO E INSTALACAO | D60: M | E60: 126 | F60: 63 | G60: 35.69 | H60: =ROUND(G60+(G60*$I$7),2) -> 45.34 | I60: =ROUND((E60*H60),2) -> 5712.84 | J60: =F60*H60 -> 2856.42 | K60: =I60-J60 -> 2856.42
A61: 06. 01. 11 | B61: ED-50334 | C61: TUBO DESCARGA VDE COM JOELHO AZUL - FORNECIMENTO E INSTALAÇÃO | D61: UN | E61: 4 | F61: 0 | G61: 63.56 | H61: =ROUND(G61+(G61*$I$7),2) -> 80.75 | I61: =ROUND((E61*H61),2) -> 323 | J61: =F61*H61 -> 0 | K61: =I61-J61 -> 323
A62: 06. 01. 12 | B62: ED-50309 | C62: ESPUDE DE BORRACHA PARA VASO SANITÁRIO - FORNECIMENTO E INSTALAÇÃO | D62: UN | E62: 4 | F62: 0 | G62: 25.87 | H62: =ROUND(G62+(G62*$I$7),2) -> 32.87 | I62: =ROUND((E62*H62),2) -> 131.48 | J62: =F62*H62 -> 0 | K62: =I62-J62 -> 131.48
A63: 06. 01. 13 | B63: ED-50318 | C63: TUBO DE LIGAÇÃO AJUSTÁVEL - FORNECIMENTO E INSTALAÇÃO | D63: UN | E63: 4 | F63: 0 | G63: 50.43 | H63: =ROUND(G63+(G63*$I$7),2) -> 64.07 | I63: =ROUND((E63*H63),2) -> 256.28 | J63: =F63*H63 -> 0 | K63: =I63-J63 -> 256.28
A64: 06. 01. 14 | B64: 37105 | C64: CAIXA D´ÁGUA 5000 LITROS FIBRA COM TAMPA | D64: UN | E64: 1 | F64: 0 | G64: 3170.16 | H64: =ROUND(G64+(G64*$I$7),2) -> 4027.34 | I64: =ROUND((E64*H64),2) -> 4027.34 | J64: =F64*H64 -> 0 | K64: =I64-J64 -> 4027.34
A65: 06. 01. 15 | B65: 86884 | C65: BOLSA DE LIGAÇÃO - FORNECIMENTO E INSTALAÇÃO | D65: UN | E65: 7 | F65: 0 | G65: 12.59 | H65: =ROUND(G65+(G65*$I$7),2) -> 15.99 | I65: =ROUND((E65*H65),2) -> 111.93 | J65: =F65*H65 -> 0 | K65: =I65-J65 -> 111.93
A66: 06. 01. 16 | B66: 823 | C66: BUCHA DE REDUÇÃO 75 X 50 CM - FORNECIMENTO E INSTALAÇÃO | D66: UN | E66: 7 | F66: 0 | G66: 23.21 | H66: =ROUND(G66+(G66*$I$7),2) -> 29.49 | I66: =ROUND((E66*H66),2) -> 206.43 | J66: =F66*H66 -> 0 | K66: =I66-J66 -> 206.43
A67: 06. 01. 17 | B67: ED-49939 | C67: CAIXA DE GORDURA PRÉ-FABRICADA Ø40 MM 31 L, COM TAMPA E CAIXILHO - FORNECIMENTO E INSTALACAO | D67: UN | E67: 3 | F67: 0 | G67: 247.14 | H67: =ROUND(G67+(G67*$I$7),2) -> 313.96 | I67: =ROUND((E67*H67),2) -> 941.88 | J67: =F67*H67 -> 0 | K67: =I67-J67 -> 941.88
A68: 06. 01. 18 | B68: 98102 | C68: CAIXA DE GORDURA PRÉ-FABRICADA Ø40 MM 50 L, COM TAMPA E CAIXILHO - FORNECIMENTO E INSTALACAO | D68: UN | E68: 6 | F68: 0 | G68: 180.97 | H68: =ROUND(G68+(G68*$I$7),2) -> 229.9 | I68: =ROUND((E68*H68),2) -> 1379.4 | J68: =F68*H68 -> 0 | K68: =I68-J68 -> 1379.4
A69: 06. 01. 19 | B69: 04883/ORSE | C69: CAIXA DE INSPEÇÃO EM CONCRETO PRÉ-MOLDADO DN 60MM COM TAMPA H= 60CM - FORNECIMENTO E INSTALACAO | D69: UN | E69: 7 | F69: 0 | G69: 615.71 | H69: =ROUND(G69+(G69*$I$7),2) -> 782.19 | I69: =ROUND((E69*H69),2) -> 5475.33 | J69: =F69*H69 -> 0 | K69: =I69-J69 -> 5475.33
A70: 06. 01. 20 | B70: ED-50008 | C70: CAIXA SIFONADA PVC 150X150X50MM COM GRELHA REDONDA BRANCA - FORNECIMENTO E INSTALACAO | D70: UN | E70: 8 | F70: 8 | G70: 65.38 | H70: =ROUND(G70+(G70*$I$7),2) -> 83.06 | I70: =ROUND((E70*H70),2) -> 664.48 | J70: =F70*H70 -> 664.48 | K70: =I70-J70 -> 0
A71: 06. 01. 21 | B71: 89709 | C71: RALO SIFONADO DE PVC 100X100MM SIMPLES - FORNECIMENTO E INSTALACAO | D71: UN | E71: 3 | F71: 0 | G71: 23.12 | H71: =ROUND(G71+(G71*$I$7),2) -> 29.37 | I71: =ROUND((E71*H71),2) -> 88.11 | J71: =F71*H71 -> 0 | K71: =I71-J71 -> 88.11
A72: 06. 01. 22 | B72: 06095/ORSE | C72: CAIXA PARA HIDROMETRO CONCRETO PRE-MOLDADO - FORNECIMENTO E INSTALACAO | D72: UN | E72: 1 | F72: 0 | G72: 124.68 | H72: =ROUND(G72+(G72*$I$7),2) -> 158.39 | I72: =ROUND((E72*H72),2) -> 158.39 | J72: =F72*H72 -> 0 | K72: =I72-J72 -> 158.39
A73: 06. 01. 23 | B73: ED-15205 | C73: KIT CAVALETE PVC COM REGISTRO 3/4" - FORNECIMENTO E INSTALACAO | D73: UN | E73: 1 | F73: 0 | G73: 676.19 | H73: =ROUND(G73+(G73*$I$7),2) -> 859.03 | I73: =ROUND((E73*H73),2) -> 859.03 | J73: =F73*H73 -> 0 | K73: =I73-J73 -> 859.03
A74: 06. 01. 24 | B74: 95675 | C74: HIDROMETRO 5,00M3/H, D=3/4" - FORNECIMENTO E INSTALACAO | D74: UN | E74: 1 | F74: 0 | G74: 212 | H74: =ROUND(G74+(G74*$I$7),2) -> 269.32 | I74: =ROUND((E74*H74),2) -> 269.32 | J74: =F74*H74 -> 0 | K74: =I74-J74 -> 269.32
A75: 06. 01. 25 | B75: ED-49950 | C75: ADICIONAL NA ALTURA DA CAIXA DE INSPEÇÃO EM CONCRETO PRÉ MOLDADO DN 60MM - FORNECIMENTO E INSTALAÇÃO | D75: M | E75: 0.6 | F75: 0 | G75: 473.11 | H75: =ROUND(G75+(G75*$I$7),2) -> 601.03 | I75: =ROUND((E75*H75),2) -> 360.62 | J75: =F75*H75 -> 0 | K75: =I75-J75 -> 360.62
A76: 06. 02 | C76: LOUÇAS E METAIS | F76: 0
A77: 06. 02. 01 | B77: ED-50296 | C77: VASO SANITÁRIO, CONVENCIONAL BRANCO, LINHA AZALÉIA, CELITE OU EQUIVALENTE, ASSENTO SANITÁRIO MARCA CELITE OU EQUIVALENTE | D77: UN | E77: 4 | F77: 0 | G77: 383.34 | H77: =ROUND(G77+(G77*$I$7),2) -> 486.99 | I77: =ROUND((E77*H77),2) -> 1947.96 | J77: =F77*H77 -> 0 | K77: =I77-J77 -> 1947.96
A78: 06. 02. 02 | B78: ED-50297 | C78: VASO SANITÁRIO COM CAIXA DE DESCARGA ACOPLADA - LOUÇA BRANCA | D78: UN | E78: 3 | F78: 0 | G78: 571.37 | H78: =ROUND(G78+(G78*$I$7),2) -> 725.86 | I78: =ROUND((E78*H78),2) -> 2177.58 | J78: =F78*H78 -> 0 | K78: =I78-J78 -> 2177.58
A79: 06. 02. 03 | B79: ED-50277 | C79: CUBA ACO INOXIDAVEL 40,0X34,0X11,5 CM, COM SIFAO EM METAL CROMADO 1.1/2X1.1/2", VALVULA EM METAL CROMADO TIPO AMERICANA 3.1/2"X1.1/2" PARA PIA - FORNECIMENTO E INSTALACAO | D79: UN | E79: 8 | F79: 0 | G79: 451.6 | H79: =ROUND(G79+(G79*$I$7),2) -> 573.71 | I79: =ROUND((E79*H79),2) -> 4589.68 | J79: =F79*H79 -> 0 | K79: =I79-J79 -> 4589.68
A80: 06. 02. 04 | B80: ED-50279 | C80: CUBA OVAL DE EMBUTIR NA COR BRANCA - COD.76117 PADRÃO CELITE OU EQUIVALENTE , INCLUSIVE COM VÁLVULA, SIFÃO CROMADOS | D80: UN | E80: 6 | F80: 0 | G80: 409.64 | H80: =ROUND(G80+(G80*$I$7),2) -> 520.4 | I80: =ROUND((E80*H80),2) -> 3122.4 | J80: =F80*H80 -> 0 | K80: =I80-J80 -> 3122.4
A81: 06. 02. 05 | B81: ED-2552 | C81: LAVATORIO DE CANTO SUSPENSO LINHA IZY, PADRÃO DECA OU EQUIVALENTE, INCLUSIVE VÁLVULA, SIFÃO OU EQUIVALENTE | D81: UN | E81: 4 | F81: 0 | G81: 566.02 | H81: =ROUND(G81+(G81*$I$7),2) -> 719.07 | I81: =ROUND((E81*H81),2) -> 2876.28 | J81: =F81*H81 -> 0 | K81: =I81-J81 -> 2876.28
A82: 06. 02. 06 | B82: ED-50282 | C82: LAVATÓRIO COM COLUNA SUSPENSA LIFE, NA COR BRANCA PADRÃO CELITE OU EQUIVALENTE, INCLUSIVE COM VÁLVULA, SIFÃO CROMADOS | D82: UN | E82: 11 | F82: 0 | G82: 542.36 | H82: =ROUND(G82+(G82*$I$7),2) -> 689.01 | I82: =ROUND((E82*H82),2) -> 7579.11 | J82: =F82*H82 -> 0 | K82: =I82-J82 -> 7579.11
A83: 06. 02. 07 | B83: ED-50290 | C83: TANQUE LOUCA BRANCA C/COLUNAS E MED 60X56CM (EM TORNO)INCL ACESSORIOS DE FIX FERRAGENS EM METAL CROMADO TORNEIRA PRESSAO 1158 1/2" VALVULA ESCOAMENTO 1605 E SIFAO 1680 DE 1.1/2"X1.1/2" - FORNECIMENTO | D83: UN | E83: 2 | F83: 0 | G83: 901.63 | H83: =ROUND(G83+(G83*$I$7),2) -> 1145.42 | I83: =ROUND((E83*H83),2) -> 2290.84 | J83: =F83*H83 -> 0 | K83: =I83-J83 -> 2290.84
A84: 06. 02. 08 | B84: 13259/ORSE | C84: EXPURGO HOSPITALAR EM AÇO INOX. FISHER INOX OU EQUIVALENTE, INCLUSIVE SIFÃO EM AÇO INOX | D84: UN | E84: 2 | F84: 0 | G84: 4825.46 | H84: =ROUND(G84+(G84*$I$7),2) -> 6130.22 | I84: =ROUND((E84*H84),2) -> 12260.44 | J84: =F84*H84 -> 0 | K84: =I84-J84 -> 12260.44
A85: 06. 03 | C85: ACESSÓRIOS
A86: 06. 03. 01 | B86: ED-50316 | C86: DUCHA HIGIÊNICA COM REGISTRO PARA CONTROLE DE FLUXO DE ÁGUA 1/2" - FORNECIMENTO E INSTALAÇÃO | D86: UN | E86: 7 | G86: 157.19 | H86: =ROUND(G86+(G86*$I$7),2) -> 199.69 | I86: =ROUND((E86*H86),2) -> 1397.83 | J86: =F86*H86 -> 0 | K86: =I86-J86 -> 1397.83
A87: 06. 03. 02 | B87: ED-50313 | C87: CHUVEIRO ELÉTRICO CROMADO MULTITEMPERATURAS, PADRÃO LORENZETTI OU EQUIVALENTE - FORNECIMENTO E INSTALAÇÃO | D87: UN | E87: 3 | G87: 286.01 | H87: =ROUND(G87+(G87*$I$7),2) -> 363.34 | I87: =ROUND((E87*H87),2) -> 1090.02 | J87: =F87*H87 -> 0 | K87: =I87-J87 -> 1090.02
A88: 06. 03. 03 | B88: ED-50330 | C88: TORNEIRA PARA LAVATÓRIO, DE MESA, PRESSMATIC BENEFIT, PADRÃO DOCOL OU EQUIVALENTE (BANHEIRO DE DEFICIENTE) - FORNECIMENTO E INSTALAÇÃO | D88: UN | E88: 4 | G88: 142.69 | H88: =ROUND(G88+(G88*$I$7),2) -> 181.27 | I88: =ROUND((E88*H88),2) -> 725.08 | J88: =F88*H88 -> 0 | K88: =I88-J88 -> 725.08
A89: 06. 03. 04 | B89: ED-50330 | C89: TORNEIRA PARA LAVATÓRIO, DE MESA, PRESSMATIC, PADRÃO DOCOL OU EQUIVALENTE- FORNECIMENTO E INSTALAÇÃO | D89: UN | E89: 17 | G89: 142.69 | H89: =ROUND(G89+(G89*$I$7),2) -> 181.27 | I89: =ROUND((E89*H89),2) -> 3081.59 | J89: =F89*H89 -> 0 | K89: =I89-J89 -> 3081.59
A90: 06. 03. 05 | B90: 86914 | C90: TORNEIRA DE LIMPEZA, DE PAREDE, MISTY, PADRÃO FABRIMAR OU EQUIVALENTE - FORNECIMENTO E INSTALAÇÃO | D90: UN | E90: 6 | G90: 100.34 | H90: =ROUND(G90+(G90*$I$7),2) -> 127.47 | I90: =ROUND((E90*H90),2) -> 764.82 | J90: =F90*H90 -> 0 | K90: =I90-J90 -> 764.82
A91: 06. 03. 06 | B91: 86909 | C91: TORNEIRA DE PAREDE COM DIRECIONADOR DE JATO MISTY, PADRÃO FABRIMAR OU EQUIVALENTE - FORNECIMENTO E INSTALAÇÃO | D91: UN | E91: 2 | G91: 132.4 | H91: =ROUND(G91+(G91*$I$7),2) -> 168.2 | I91: =ROUND((E91*H91),2) -> 336.4 | J91: =F91*H91 -> 0 | K91: =I91-J91 -> 336.4
A92: 06. 03. 07 | B92: ED-50324 | C92: TORNEIRA DE MESA BICA MOVEL LINHA FIT SPECIAL REF. 1167 C53 PADRÃO LORENZETTI OU EQUIVALENTE - FORNECIMENTO E INSTALAÇÃO | D92: UN | E92: 6 | G92: 165.04 | H92: =ROUND(G92+(G92*$I$7),2) -> 209.67 | I92: =ROUND((E92*H92),2) -> 1258.02 | J92: =F92*H92 -> 0 | K92: =I92-J92 -> 1258.02
A93: 06. 03. 08 | B93: 94796 | C93: TORNEIRA BÓIA PARA CAIXA D´ÁGUA 3/4" OU EQUIVALENTE - FORNECIMENTO E INSTALAÇÃO | D93: UN | E93: 1 | G93: 38.25 | H93: =ROUND(G93+(G93*$I$7),2) -> 48.59 | I93: =ROUND((E93*H93),2) -> 48.59 | J93: =F93*H93 -> 0 | K93: =I93-J93 -> 48.59
A94: 06. 03. 09 | B94: ED-49965 | C94: REGISTRO DE PRESSÃO COM ACABAMENTO 3/4"OU EQUIVALENTE - FORNECIMENTO E INSTALAÇÃO | D94: UN | E94: 6 | G94: 102.11 | H94: =ROUND(G94+(G94*$I$7),2) -> 129.72 | I94: =ROUND((E94*H94),2) -> 778.32 | J94: =F94*H94 -> 0 | K94: =I94-J94 -> 778.32
A95: 06. 03. 10 | B95: ED-49989 | C95: REGISTRO DE GAVETA COM ACABAMENTO 3/4"OU EQUIVALENTE - FORNECIMENTO E INSTALAÇÃO | D95: UN | E95: 7 | G95: 102.16 | H95: =ROUND(G95+(G95*$I$7),2) -> 129.78 | I95: =ROUND((E95*H95),2) -> 908.46 | J95: =F95*H95 -> 0 | K95: =I95-J95 -> 908.46
A96: 06. 03. 11 | B96: 94792 | C96: REGISTRO GAVETA 1" COM CANOPLA ACABAMENTO CROMADO SIMPLES - FORNECIMENTO E INSTALACAO | D96: UN | E96: 6 | G96: 184.28 | H96: =ROUND(G96+(G96*$I$7),2) -> 234.11 | I96: =ROUND((E96*H96),2) -> 1404.66 | J96: =F96*H96 -> 0 | K96: =I96-J96 -> 1404.66
A97: 06. 03. 12 | B97: 94794 | C97: REGISTRO DE GAVETA COM ACABAMENTO 1.1/2"OU EQUIVALENTE - FORNECIMENTO E INSTALAÇÃO | D97: UN | E97: 2 | G97: 267.83 | H97: =ROUND(G97+(G97*$I$7),2) -> 340.25 | I97: =ROUND((E97*H97),2) -> 680.5 | J97: =F97*H97 -> 0 | K97: =I97-J97 -> 680.5
... A116: 06. 03. 31 | B116: ED-49946 | C116: GRELHA/PORTA GRELHA AÇO INOX, FECHO GIRATÓRIO 150 X 150 MM - FORNECIMENTO E INSTALAÇÃO | D116: UN | E116: 8 | G116: 35.38 | H116: =ROUND(G116+(G116*$I$7),2) -> 44.95 | I116: =ROUND((E116*H116),2) -> 359.6 | J116: =F116*H116 -> 0 | K116: =I116-J116 -> 359.6
C117: TOTAL ITEM: 06 | I117: =SUM(I51:I116) -> 102970.56 | J117: =SUM(J51:J116) -> 5830.09 | K117: =SUM(K51:K116) -> 97140.47
A118: 07. | C118: PREVENÇÃO E COMBATE A INCÊNDIO
A119: 07. 01 | B119: ED-22698 | C119: ABRIGO EM CHAPA TIPO EXTERNO 1 PORTA DE AÇO CARBONO, COMPLETO, VIDRO TRANSPARENTE, COM A INSCRIÇÃO "INCÊNDIO", PARA EXTINTOR PINTADO DE VERMELHO NAS DIMENSÕES 75 X 30 X 25 CM | D119: UN | E119: 1 | G119: 262.5 | H119: =ROUND(G119+(G119*$I$7),2) -> 333.48 | I119: =ROUND((E119*H119),2) -> 333.48 | J119: =F119*H119 -> 0 | K119: =I119-J119 -> 333.48
...
